 Dungeon Sprint DCSS version 0.21-a0-50-g941c862 (webtiles) character file.

40590 Kidiri the Brawler (level 13, -4/130 HPs)
             Began as a Troll Monk on June 11, 2017.
             Was the Champion of Wu Jian.
             Slain by a hornet (11 damage)
             ... in the Dungeon (Sprint V: "Ziggurat Sprint").
             The game lasted 00:18:38 (1511 turns).

Kidiri the Brawler (Troll Monk)                     Turns: 1511, Time: 00:18:38

Health: -4/130     AC:  4    Str: 27    XL:     13   Next: 75%
Magic:  2/18       EV: 12    Int:  7    God:    Wu Jian [******]
Gold:   0          SH: 31    Dex: 23    Spells: 12/12 levels left

rFire    + . .     SeeInvis .     - Unarmed
rCold    + + +     Gourm    +   I - +18 shield of the Gong {rElec rN+ MR+ EV-5}
rNeg     + + .     Faith    .   i - +5 gold dragon scales
rPois    +         Spirit   .   (helmet restricted)
rElec    +         Reflect  .   K - +1 cloak of Starlight {rElec rC+ EV+4 Stlth--}
rCorr    .         Harm     .   (gloves unavailable)
MR       +++++     NoTele   +   (boots unavailable)
Stlth    ..........             J - amulet of Satyriasis {RegenMP rC+ MR+++ Str+6}
Regen    0.8/turn               R - ring "Ewnosk" {MR+ AC+2 Str-2 Dex+6}
MPRegen  0.3/turn               a - ring of the Octopus King {rN+ AC+1 EV+1 Str+1 Int+1 Dex+1}

@: exhausted, corroded, glowing, heavenly storm
A: unfitting armour, claws 3, blink, deformed body, fast metabolism 3, frail 1,
gourmand, regeneration 1, screaming 1, shaggy fur 1, tough skin 2, wild magic 1,
evolution 1
a: Blink, Serpent's Lash, Heavenly Storm, Renounce Religion


You were in the Dungeon.
You worshipped Wu Jian.
Wu Jian was exalted by your worship.
You were very full.

You visited 1 branch

Inventory:

Armour
 i - +5 gold dragon scales (worn)
 m - the +4 robe of Augmentation {Str+4 Int+4 Dex+4}
   (You found it in the Dungeon)

   It affects your strength (+4).
   It affects your intelligence (+4).
   It affects your dexterity (+4).
 I - the +18 shield of the Gong (worn) {rElec rN+ MR+ EV-5}
   (You found it in the Dungeon)

   It affects your evasion (-5).
   It insulates you from electricity.
   It protects you from negative energy.
   It affects your resistance to hostile enchantments.
 K - the +1 cloak of Starlight (worn) {rElec rC+ EV+4 Stlth--}
   (You found it in the Dungeon)

   It affects your evasion (+4).
   It protects you from cold.
   It insulates you from electricity.
   It makes you much less stealthy.
Jewellery
 a - a ring of the Octopus King (right claw) {rN+ AC+1 EV+1 Str+1 Int+1 Dex+1}
   (You took it off a deep elf death mage in the Dungeon)

   [ring of positive energy]

   It affects your AC (+1).
   It affects your evasion (+1).
   It affects your strength (+1).
   It affects your intelligence (+1).
   It affects your dexterity (+1).
   It protects you from negative energy.
 y - a +6 ring of dexterity
 z - a +6 ring of dexterity
 C - a +6 ring of strength
 D - a +6 ring of strength
 J - the amulet of Satyriasis (around neck) {RegenMP rC+ MR+++ Str+6}
   (You found it in the Dungeon)

   [amulet of magic regeneration]

   It increases your magic regeneration.
   It affects your strength (+6).
   It protects you from cold.
   It affects your resistance to hostile enchantments.
 L - an uncursed ring of protection from fire
 M - an uncursed ring of protection from magic
 N - an uncursed ring of wizardry
 O - the ring "Lyil" {rC+ MR+++ MP-9}
   (You found it in the Dungeon)

   [ring of protection from cold]

   It protects you from cold.
   It affects your resistance to hostile enchantments.
   It affects your magic capacity (-9).
 P - a +2 ring of evasion
 Q - the ring "Jir Nu Yxt" {SInv Stlth-}
   (You found it in the Dungeon)

   [ring of loudness]

   It lets you see invisible.
   It makes you less stealthy.
 R - the ring "Ewnosk" (left claw) {MR+ AC+2 Str-2 Dex+6}
   (You found it in the Dungeon)

   [ring of protection]

   It affects your AC (+2).
   It affects your strength (-2).
   It affects your dexterity (+6).
   It affects your resistance to hostile enchantments.
 T - a +3 ring of dexterity
 U - the ring "Pona" {+Fly rN+ Str-3 Int+8}
   (You found it in the Dungeon)

   [ring of flight]

   It affects your strength (-3).
   It affects your intelligence (+8).
   It protects you from negative energy.
   It lets you fly.
 V - an uncursed ring of magical power
Wands
 E - a wand of disintegration (7/24)
 F - a wand of iceblast (5/15)
 G - a wand of lightning (5/15)
 H - a wand of acid (5/15)
Scrolls
 h - 4 scrolls of blinking
 p - 4 scrolls of amnesia
 q - 3 scrolls of recharging
 r - 7 scrolls of fog
 s - 3 scrolls of holy word
 t - 5 scrolls of identify
 u - 5 scrolls of remove curse
 v - 2 scrolls of fear
 A - 8 scrolls of enchant weapon
 S - a scroll of brand weapon
Potions
 c - 5 potions of curing
 d - 9 potions of heal wounds
 e - 6 potions of haste
 f - 7 potions of magic
 g - 3 potions of berserk rage
 j - 2 potions of brilliance
 k - 2 potions of invisibility
 l - 4 potions of resistance
 n - 5 potions of agility
 o - 6 potions of might
Comestibles
 b - 6 bread rations
 w - 42 fruits
 x - 4 meat rations
 B - a chunk of flesh


   Skills:
 * Level 13.9 Fighting
 + Level 10.0 Armour
 * Level 13.9 Dodging
 * Level 10.9 Stealth
 + Level 10.0 Shields
 * Level 16.2 Unarmed Combat
 + Level 9.3 Evocations


You had 12 spell levels left.
You didn't know any spells.

Dungeon Overview and Level Annotations

Branches:
Dungeon (1/1)

Altars:
Ashenzari
Cheibriados
Dithmenos
Elyvilon
Fedhas
Gozag
Hepliaklqana
Kikubaaqudgha
Makhleb
Nemelex Xobeh
Okawaru
Qazlal
Ru
Sif Muna
Trog
Uskayaw
Vehumet
Wu Jian
Xom
Yredelemnul
Zin
The Shining One
Beogh
Jiyva
Lugonu


Innate Abilities, Weirdness & Mutations

You are too large for most types of armour.
You have claws for hands.
Your metabolism is lightning-fast.
You like to eat raw meat.
Your natural rate of healing is unusually fast.
You are covered in fur. (AC +1)
You have very tough skin. (AC +2)
You can translocate small distances at will.
Armour fits poorly on your strangely shaped body.
You are frail. (-10% HP)
You occasionally shout uncontrollably at your foes.
Your spells are a little harder to cast, but a little more powerful.
You evolve.


Message History

GONNNNG!
Unknown command.
You attack the hornet from above.
You barely miss the hornet.
The hornet is severely wounded.
You attack the emperor scorpion from above.
You mangle the emperor scorpion!!
The emperor scorpion is moderately wounded.
You block the hornet's attack.
GONNNNG!
The wolf spider hits you!!
* * * LOW HITPOINT WARNING * * *
You block the wolf spider's attack.
GONNNNG!
You block the emperor scorpion's attack.
PTOANNNG!
The emperor scorpion barely misses you.
The emperor scorpion claws you but does no damage.
The entropy weaver casts a spell.
The entropic weave corrodes you! The hornet stings you!
You die...

▓.."[..?|:| ▓.....
▓.............▓.....
▓.............▓.....
▓.............▓.....
▓.............▓.....
▓..§§.........▓▓▓▓▓▓
▓§§§§§§.......▓...8©
▓§§§§§§.......▓..[[:
▓§§@s§§§......▓..||.
▓§§sy§§§......▓.....
▓§§§a§§§......▓.....
▓▓▓▓▓▓▓▓▓▓▓▓▓▓▓.....
▓..... ▓..▓.. ▓.▓...
▓..... ▓▓▓▓▓▓


You could see an emperor scorpion, an entropy weaver, a wolf spider (berserk)
and a hornet.

Vanquished Creatures
  3 deep elf blademasters (D)
  An azure jelly (D)
  2 ghost moths (D)
  An emperor scorpion (D)
  A deep elf sorcerer (D)
  An entropy weaver (D)
  2 deep elf annihilators (D)
  A deep elf death mage (D)
  A blizzard demon (D)
  A death ooze (D)
  An anaconda (shapeshifter) (D)
  A hell hog (D)
  2 deep elf knights (D)
  A glowing orange brain (shapeshifter) (D)
  3 slime creatures (D)
  A deep elf archer (D)
  A phantasmal warrior (D)
  3 orb spiders (D)
  5 wolf spiders (D)
  3 shining eyes (D)
  3 ugly things (D)
  A moth of wrath (D)
  3 rust devils (D)
  2 torpor snails (D)
  A rime drake (D)
  5 demonic crawlers (D)
  3 ice devils (D)
  A polar bear (shapeshifter) (D)
  A polar bear (D)
  8 jumping spiders (D)
  10 hornets (D)
  A blink frog (shapeshifter) (D)
  A ynoxinul (D)
  A redback (shapeshifter) (D)
  8 redbacks (D)
  9 tarantellas (D)
  4 neqoxecs (D)
  A large abomination (D)
  A water moccasin (D)
  A naga (D)
  A hell hound (D)
  A floating eye (D)
  An orc warrior (D)
  4 eyes of draining (D)
  An ice beast (D)
  A phantom (D)
  A necrophage (D)
  A small abomination (D)
  6 scorpions (D)
  A wight (D)
  2 quasits (D)
  6 jellies (D)
  3 orc priests (D)
  2 orc wizards (D)
  5 iron imps (D)
  A mummy (D)
  2 adders (D)
  A shadow imp (D)
  2 ufetubi (D)
  4 oozes (D)
  2 adder zombies (D)
  An adder skeleton (D)
  2 adder simulacra (D)
  2 bat skeletons (D)
  3 ball pythons (D)
  A bat simulacrum (D)
  A giant cockroach simulacrum (D)
  A giant cockroach zombie (D)
  A jackal simulacrum (D)
160 creatures vanquished.

Vanquished Creatures (others)
  A rime drake (D)
1 creature vanquished.

Grand Total: 161 creatures vanquished

Notes
Turn   | Place    | Note
-------+----------+-------------------------------------------
     0 | D        | Kidiri the Troll Monk began the quest for the Orb.
     0 | D        | Reached XP level 1. HP: 22/22 MP: 0/0
     3 | D        | Found a blossoming altar of Fedhas.
     6 | D        | Found a deep blue altar of Sif Muna.
     6 | D        | Found a sacrificial altar of Ru.
     6 | D        | Found a bloodstained altar of Trog.
     6 | D        | Found a stormy altar of Qazlal.
     6 | D        | Found an iron altar of Okawaru.
     6 | D        | Found a sparkling altar of Nemelex Xobeh.
     8 | D        | Found a transporter.
     8 | D        | Found an ancient bone altar of Kikubaaqudgha.
     8 | D        | Found a viscous altar of Jiyva.
     8 | D        | Found a corrupted altar of Lugonu.
     8 | D        | Found a hazy altar of Hepliaklqana.
     8 | D        | Found a burning altar of Makhleb.
     8 | D        | Found an opulent altar of Gozag.
    26 | D        | Reached skill level 1 in Armour
    26 | D        | Reached skill level 1 in Shields
    26 | D        | Reached skill level 4 in Unarmed Combat
    26 | D        | Reached skill level 1 in Evocations
    26 | D        | Reached XP level 2. HP: 31/31 MP: 1/1
    37 | D        | Became a worshipper of the Wu Jian Council
    37 | D        | Reached * piety under Wu Jian
    37 | D        | Reached ** piety under Wu Jian
    54 | D        | Entered arena 2.
    54 | D        | Noticed a scorpion
    54 | D        | Noticed a scorpion
    54 | D        | Found a transporter.
    58 | D        | Killed a scorpion
    58 | D        | Reached XP level 3. HP: 39/39 MP: 1/3
    60 | D        | Killed a scorpion
    60 | D        | Reached skill level 5 in Unarmed Combat
    60 | D        | Reached XP level 4. HP: 36/49 MP: 1/4
    97 | D        | Entered arena 3.
    97 | D        | Found a transporter.
   105 | D        | Reached *** piety under Wu Jian
   114 | D        | Reached XP level 5. HP: 27/55 MP: 5/5
   183 | D        | Entered arena 4.
   183 | D        | Noticed a phantom
   183 | D        | Noticed a necrophage
   183 | D        | Found a transporter.
   190 | D        | Killed a necrophage
   190 | D        | Reached **** piety under Wu Jian
   190 | D        | Reached skill level 5 in Fighting
   190 | D        | Reached skill level 5 in Dodging
   190 | D        | Reached skill level 6 in Unarmed Combat
   199 | D        | Killed a phantom
   199 | D        | Reached XP level 6. HP: 66/66 MP: 5/7
   240 | D        | Entered arena 5.
   240 | D        | Found a transporter.
   250 | D        | Reached skill level 7 in Unarmed Combat
   251 | D        | Reached XP level 7. HP: 74/75 MP: 0/8
   317 | D        | Entered arena 6.
   317 | D        | Noticed a tarantella
   317 | D        | Noticed a tarantella
   317 | D        | Noticed a jumping spider
   317 | D        | Found a transporter.
   337 | D        | Killed a tarantella
   340 | D        | Killed a tarantella
   340 | D        | Reached ***** piety under Wu Jian
   340 | D        | Reached skill level 8 in Unarmed Combat
   342 | D        | HP: 1/76 [jumping spider (11)]
   350 | D        | Killed a jumping spider
   350 | D        | Reached XP level 8. HP: 8/84 MP: 9/9
   351 | D        | Reached skill level 5 in Stealth
   505 | D        | Entered arena 7.
   506 | D        | Found a transporter.
   613 | D        | Entered arena 8.
   613 | D        | Noticed a jumping spider
   617 | D        | Found a transporter.
   623 | D        | Reached ****** piety under Wu Jian
   623 | D        | Reached skill level 9 in Unarmed Combat
   629 | D        | Killed a jumping spider
   629 | D        | Reached skill level 5 in Armour
   630 | D        | Reached XP level 9. HP: 76/94 MP: 11/11
   634 | D        | Reached skill level 5 in Shields
   657 | D        | Entered arena 9.
   661 | D        | Found a transporter.
   730 | D        | Entered arena 10.
   730 | D        | Noticed a shining eye
   731 | D        | Found a transporter.
   734 | D        | Gained mutation: You occasionally shout uncontrollably at your foes. [a shining eye]
   738 | D        | Killed a shining eye
   738 | D        | Reached skill level 10 in Unarmed Combat
   744 | D        | Killed a very large slime creature
   744 | D        | Reached skill level 5 in Evocations
   755 | D        | Got the amulet of Satyriasis {RegenMP rC+ MR+++ Str+6}
   792 | D        | Entered arena 11.
   793 | D        | Found a transporter.
   806 | D        | Reached XP level 10. HP: 68/106 MP: 12/12
   863 | D        | Entered arena 12.
   863 | D        | Noticed a deep elf blademaster
   863 | D        | Noticed a deep elf knight
   863 | D        | Noticed a deep elf knight
   863 | D        | Noticed a deep elf archer
   863 | D        | Noticed a deep elf blademaster
   864 | D        | Noticed a deep elf annihilator
   864 | D        | Noticed a deep elf blademaster
   864 | D        | Noticed a deep elf annihilator
   865 | D        | Noticed a deep elf sorcerer
   865 | D        | Noticed a deep elf death mage
   869 | D        | Killed a deep elf blademaster
   869 | D        | Reached skill level 11 in Unarmed Combat
   870 | D        | Killed a deep elf sorcerer
   870 | D        | Reached skill level 10 in Dodging
   870 | D        | Killed a deep elf blademaster
   870 | D        | Reached skill level 10 in Fighting
   870 | D        | Reached skill level 12 in Unarmed Combat
   870 | D        | Reached XP level 11. HP: 103/119 MP: 12/14
   871 | D        | Killed a deep elf blademaster
   872 | D        | Found a transporter.
   872 | D        | Killed a deep elf knight
   872 | D        | Killed a deep elf archer
   876 | D        | Killed a deep elf annihilator
   879 | D        | Killed a deep elf death mage
   880 | D        | Killed a deep elf annihilator
   880 | D        | Reached skill level 13 in Unarmed Combat
   883 | D        | Killed a deep elf knight
   884 | D        | Killed a ghostly deep elf death mage
   892 | D        | Got a ring of the Octopus King {rN+ AC+1 EV+1 Str+1 Int+1 Dex+1}
   952 | D        | Entered arena 13.
   953 | D        | Noticed a blizzard demon
   955 | D        | Found a transporter.
   964 | D        | Killed a blizzard demon
   964 | D        | Reached XP level 12. HP: 96/130 MP: 16/16
  1012 | D        | Entered arena 14.
  1014 | D        | Noticed an anaconda
  1017 | D        | Found a transporter.
  1018 | D        | Killed an anaconda
  1023 | D        | Gained mutation: Armour fits poorly on your strangely shaped body. [a neqoxec]
  1027 | D        | Reached skill level 14 in Unarmed Combat
  1063 | D        | Gained mutation: You evolve. [mutagenic meat]
  1065 | D        | Gained mutation: You can translocate small distances at will. [mutagenic meat]
  1068 | D        | Gained mutation: Your system is resistant to poisons. (rPois) [mutagenic meat]
  1069 | D        | Lost mutation: You evolve. [mutagenic meat]
  1070 | D        | Gained mutation: Your muscles are strong. (Str +2) [mutagenic meat]
  1071 | D        | Gained mutation: You are frail. (-10% HP) [mutagenic meat]
  1072 | D        | Gained mutation: You have sharp toenails. [mutagenic meat]
  1074 | D        | Gained mutation: You evolve. [mutagenic meat]
  1118 | D        | Entered arena 15.
  1119 | D        | Noticed an azure jelly
  1121 | D        | Noticed a death ooze
  1122 | D        | Found a transporter.
  1124 | D        | Killed a death ooze
  1126 | D        | Lost mutation: Your muscles are strong. (Str +2) [a shining eye]
  1129 | D        | Killed an azure jelly
  1151 | D        | Got the ring "Lyil" {rC+ MR+++ MP-9}
  1169 | D        | Entered arena 16.
  1173 | D        | Found a transporter.
  1175 | D        | Noticed a ghost moth
  1185 | D        | Killed a ghost moth
  1185 | D        | Reached skill level 10 in Stealth
  1185 | D        | Reached XP level 13. HP: 97/126 MP: 0/18
  1214 | D        | Lost mutation: Your system is resistant to poisons. (rPois) [mutagenic meat]
  1215 | D        | Gained mutation: Your spells are a little harder to cast, but a little more powerful. [mutagenic meat]
  1216 | D        | Lost mutation: You have sharp toenails. [mutagenic meat]
  1229 | D        | Got the ring "Jir Nu Yxt" {SInv Stlth-}
  1234 | D        | Got the ring "Ewnosk" {MR+ AC+2 Str-2 Dex+6}
  1261 | D        | Entered arena 17.
  1267 | D        | Found a transporter.
  1268 | D        | Reached skill level 15 in Unarmed Combat
  1339 | D        | Entered arena 18.
  1345 | D        | Found a transporter.
  1354 | D        | Paralysed by a hornet for 3 turns
  1425 | D        | Got the ring "Pona" {+Fly rN+ Str-3 Int+8}
  1484 | D        | Entered arena 19.
  1498 | D        | Noticed an entropy weaver
  1498 | D        | Noticed an emperor scorpion
  1498 | D        | Noticed an entropy weaver
  1498 | D        | Noticed an emperor scorpion
  1499 | D        | Noticed a ghost moth
  1503 | D        | Killed a ghost moth
  1503 | D        | Reached skill level 16 in Unarmed Combat
  1506 | D        | Killed an emperor scorpion
  1506 | D        | Reached skill level 10 in Shields
  1507 | D        | Killed an entropy weaver
  1507 | D        | Reached skill level 10 in Armour
  1511 | D        | Slain by a hornet

Vault maps used:
D:        sprint_v

Skill      XL: |  1  2  3  4  5  6  7  8  9 10 11 12 13 |
---------------+----------------------------------------+-----
Fighting       | 3 4 5 6 7 8 10 11 12 13 | 13.9
Armour         | 1 2 3 4 5 7 8 9 10 | 10.0
Dodging        | 3 4 5 6 7 9 10 11 12 13 | 13.9
Stealth        | 2 3 4 5 6 7 8 10 | 10.9
Shields        | 1 2 3 4 5 7 8 9 10 | 10.0
Unarmed Combat | 4 5 6 7 8 9 10 12 13 14 16 | 16.2
Evocations     | 1 2 3 4 5 6 7 8 9 |  9.3

Action                   |  1- 3 |  4- 6 |  7- 9 | 10-12 | 13-15 || total
-------------------------+-------+-------+-------+-------+-------++-------
Melee: Unarmed           |     8 |    50 |   141 |   164 |   138 ||   501
       Kick              |       |       |       |    15 |       ||    15
Invok: Serpent's Lash    |       |     1 |       |     1 |     1 ||     3
       Heavenly Storm    |       |       |     2 |     5 |     3 ||    10
  Use: Potion            |     1 |     1 |     7 |       |     2 ||    11
 Stab: Sleeping          |       |     3 |       |       |       ||     3
  Eat: Chunk             |       |       |    13 |    14 |    10 ||    37
Armor: Robe              |       |     4 |       |       |       ||     4
       Gold dragon scale |       |       |   103 |    32 |    84 ||   219
Dodge: Dodged            |     3 |     2 |    12 |    23 |    56 ||    96
Block: Shield            |       |    22 |    59 |    99 |   156 ||   336
